 Dungeon Crawl Stone Soup version 0.21.1-1-g345015fe64 (webtiles) character file.

2975 Jannitor the Covert (level 9, 0/47 HPs)
             Began as a Spriggan Berserker on May 25, 2018.
             Was an Elder of Trog.
             Slain by a troll (16 damage)
             ... on level 6 of the Dungeon.
             The game lasted 00:10:52 (6900 turns).

Jannitor the Covert (Spriggan Berserker)            Turns: 6900, Time: 00:10:52

Health: 0/47       AC:  4    Str: 16    XL:     9   Next: 53%
Magic:  10/10      EV: 24    Int:  8    God:    Trog [****..]
Gold:   305        SH:  6    Dex: 16    Spells: 8/8 levels left

rFire    . . .     SeeInvis +   r - +1 dagger (elec)
rCold    . . .     Gourm    .   s - +0 buckler
rNeg     . . .     Faith    .   e - +2 robe {MR+}
rPois    .         Spirit   .   (helmet restricted)
rElec    .         Reflect  .   (no cloak)
rCorr    .         Harm     .   (gloves unavailable)
MR       ++...                  (boots unavailable)
Stlth    +++++.....             q - amulet of regeneration
HPRegen  0.55/turn              (no ring)
MPRegen  0.12/turn              (no ring)

@: very quick
A: very small, unfitting armour, see invisible, herbivore, speed 3, slow
metabolism 2
a: Berserk, Trog's Hand, Brothers in Arms, Burn Spellbooks, Renounce Religion


You were on level 6 of the Dungeon.
You worshipped Trog.
Trog was greatly pleased with you.
You were very hungry.

You visited 1 branch of the dungeon, and saw 7 of its levels.
You also visited: Sewer.

You collected 305 gold pieces.

Inventory:

Hand Weapons
 a - a +0 short sword
 r - a +1 dagger of electrocution (weapon)
 u - a +0 rapier
Missiles
 m - 6 curare-tipped needles
 p - 2 throwing nets (quivered)
 x - 5 needles of paralysis
Armour
 e - a +2 robe of magic resistance (worn)
 s - a +0 buckler (worn)
Jewellery
 q - an amulet of regeneration (around neck)
Scrolls
 b - 3 scrolls of remove curse
 f - 7 scrolls of identify
 i - 3 scrolls of amnesia
 k - 2 scrolls of teleportation
Potions
 d - a potion of ambrosia {unknown}
 g - 2 potions of haste
 h - a potion of heal wounds
 j - 5 potions of magic
 l - 2 potions of brilliance {unknown}
 n - a potion of curing {unknown}
 o - 2 potions of degeneration {unknown}
 t - a potion of agility {unknown}
 w - a potion of cancellation {unknown}
Books
 v - a book of Callings

   Spells                             Type                      Level
   a - Summon Small Mammal            Summoning                    1
   b - Call Imp                       Summoning                    2
   c - Call Canine Familiar           Summoning                    3
   d - Summon Guardian Golem          Hexes/Summoning              3
   e - Summon Lightning Spire         Summoning/Air                4
   f - Summon Ice Beast               Ice/Summoning                4
   Trog disapproves of the use of such an item.
Comestibles
 c - 4 rations


   Skills:
 + Level 5.3 Fighting
 + Level 6.9 Short Blades
 + Level 9.1 Dodging
 * Level 12.0 Stealth
 + Level 3.0 Shields


You had 8 spell levels left.
You didn't know any spells.

Dungeon Overview and Level Annotations

Branches:
Dungeon (7/15)             Temple (0/1) D:7

Altars:
Elyvilon
Kikubaaqudgha
Nemelex Xobeh
Vehumet
Yredelemnul

Annotations:
D:4 1 runed door
D:6 Delanovic's ghost, novice GrGl


Innate Abilities, Weirdness & Mutations

You are very small and have problems with some larger weapons.
You are too small for most types of armour.
You have supernaturally acute eyesight. (SInv)
You are a herbivore.
You cover ground extremely quickly.
You need consume almost no food.


Message History

The troll is moderately wounded.
You closely miss the troll.
The troll is moderately wounded.
You block the troll's attack. The troll misses you.
The troll closely misses you.
You hit the troll.
The troll is moderately wounded.
The troll misses you. The troll closely misses you. The troll misses you.
You hit the troll.
The troll is moderately wounded.
You closely miss the troll.
The troll is moderately wounded.
The troll closely misses you. The troll misses you. The troll claws you.
You barely miss the troll.
The troll is moderately wounded.
The troll closely misses you. The troll misses you. The troll claws you!
You closely miss the troll.
The troll is moderately wounded.
The troll bites you!
You die...

####+#
...#.#
#....
#.###<.#
#....@T#
#####.##
#.# #..
###


You could see a troll.

Vanquished Creatures
  Pikel (D:4)
  Grinder (D:3)
  Sigmund (D:3)
  Edmund (D:4)
  An orc warrior (D:6)
  2 sky beasts
  An ice beast (D:5)
  An ogre (D:4)
  The ghost of lrwvr the Slasher, an amateur DsGl (D:3)
  3 centaurs
  2 bullfrogs
  Blork the orc (D:5)
  2 scorpions
  An oklob sapling (D:7)
  4 howler monkeys
  A vampire bat (D:4)
  2 crimson imps
  A hound (D:7)
  A jelly (D:7)
  3 orc priests
  A bullfrog skeleton (D:5)
  4 orc wizards
  2 worker ants
  A hound zombie (D:5)
  A worker ant zombie (D:7)
  7 gnolls (D:4)
  11 adders
  2 river rats (Sewer)
  2 worms
  A dart slug (D:2)
  6 leopard geckos
  20 orcs
  2 bat skeletons (D:4)
  3 bat zombies (D:4)
  7 giant cockroaches
  7 goblins
  4 hobgoblins (D:3)
  6 jackals
  4 ball pythons (Sewer)
  11 bats
  8 frilled lizards
  A jackal skeleton (D:5)
  2 jackal zombies (D:5)
  7 kobolds
  13 rats
  A plant (D:7)
165 creatures vanquished.

Vanquished Creatures (others)
  A slave (D:4)
  An orc (D:4)
  A plant (D:7)
3 creatures vanquished.

Grand Total: 168 creatures vanquished

Notes
Turn   | Place    | Note
-------+----------+-------------------------------------------
     0 | D:1      | Jannitor the Spriggan Berserker began the quest for the Orb.
     0 | D:1      | Reached XP level 1. HP: 11/11 MP: 2/2
   210 | D:1      | Reached skill level 1 in Stealth
   238 | D:1      | Reached XP level 2. HP: 6/16 MP: 3/3
   740 | D:2      | Found a radiant altar of Vehumet.
   992 | D:2      | Reached skill level 2 in Stealth
  1812 | D:2      | Reached XP level 3. HP: 19/19 MP: 4/4
  2119 | D:2      | Reached skill level 3 in Stealth
  2408 | D:2      | Reached skill level 5 in Dodging
  2623 | D:3      | Noticed Sigmund
  2630 | D:3      | Killed Sigmund
  2630 | D:3      | Reached ** piety under Trog
  2630 | D:3      | Reached skill level 5 in Stealth
  2630 | D:3      | Reached XP level 4. HP: 24/24 MP: 5/5
  2630 | D:3      | Reached XP level 5. HP: 28/28 MP: 6/6
  2764 | D:3      | Found a glowing drain.
  2798 | Sewer    | Entered a sewer
  2960 | Sewer    | Reached XP level 6. HP: 32/32 MP: 7/7
  3187 | D:3      | Noticed lrwvr's ghost (amateur DsGl)
  3435 | D:3      | Reached skill level 6 in Stealth
  3542 | D:4      | Noticed Edmund
  3557 | D:4      | Killed Edmund
  3903 | D:4      | Found an ancient bone altar of Kikubaaqudgha.
  3916 | D:4      | Reached skill level 7 in Stealth
  3953 | D:4      | Found a runed door.
  4151 | D:4      | Reached XP level 7. HP: 25/36 MP: 8/8
  4374 | D:4      | Reached skill level 5 in Short Blades
  4415 | D:4      | Reached *** piety under Trog
  4586 | D:4      | Found a basalt altar of Yredelemnul.
  4655 | D:4      | Noticed Pikel
  4697 | D:4      | Killed Pikel
  4697 | D:4      | Reached skill level 9 in Stealth
  4697 | D:4      | Reached skill level 1 in Shields
  4697 | D:4      | Reached XP level 8. HP: 25/42 MP: 9/9
  5149 | D:3      | Killed lrwvr's ghost
  5247 | D:3      | Noticed Grinder
  5257 | D:3      | Killed Grinder
  5257 | D:3      | Reached skill level 10 in Stealth
  5637 | D:5      | Entered Level 5 of the Dungeon
  5638 | D:5      | Noticed Blork the orc
  5917 | D:5      | Killed Blork the orc
  5926 | D:5      | Reached XP level 9. HP: 46/46 MP: 10/10
  6227 | D:6      | Reached skill level 11 in Stealth
  6266 | D:6      | Reached skill level 5 in Fighting
  6283 | D:6      | Reached **** piety under Trog
  6342 | D:6      | Noticed Delanovic's ghost (novice GrGl)
  6381 | D:7      | Found a sparkling altar of Nemelex Xobeh.
  6417 | D:7      | Found a white marble altar of Elyvilon.
  6430 | D:7      | Found a staircase to the Ecumenical Temple.
  6696 | D:7      | Noticed a two-headed ogre
  6804 | D:7      | Reached skill level 12 in Stealth
  6876 | D:7      | Noticed a troll
  6900 | D:6      | Slain by a troll

Skill      XL: |  1  2  3  4  5  6  7  8  9 |
---------------+----------------------------+-----
Stealth        | 1 2 5 7 9 10 12 | 12.0
Dodging        | 5 6 7 8 9 |  9.1
Fighting       | 3 4 5 |  5.3
Short Blades   | 4 5 6 |  6.9
Shields        | 1 2 3 |  3.0

Action                   |  1- 3 |  4- 6 |  7- 9 || total
-------------------------+-------+-------+-------++-------
Melee: Short sword       |   112 |   165 |       ||   277
       Dagger            |       |     8 |   392 ||   400
Invok: Berserk           |     1 |     2 |     3 ||     6
       Trog's Hand       |       |     1 |     1 ||     2
  Use: Scroll            |     5 |     4 |     3 ||    12
       Potion            |       |       |     1 ||     1
 Stab: Sleeping          |     8 |     8 |    21 ||    37
       Distracted        |       |       |     3 ||     3
  Eat: Ration            |       |     2 |     3 ||     5
Armor: Animal skin       |     7 |       |       ||     7
       Robe              |       |    16 |    17 ||    33
Dodge: Dodged            |    94 |   133 |   195 ||   422
Block: Buckler           |       |       |    62 ||    62
